Philadelphia Phantoms vs Seattle Thunderbirds

Created - 31 mars 2020 at 20:09

Goals
1 2 3 T
Philadelphia Phantoms 1 0 2 3
Seattle Thunderbirds 1 0 0 1
Shots
1 2 3 T
Philadelphia Phantoms 16 15 20 51
Seattle Thunderbirds 8 8 10 26

1st period

1. Seattle Thunderbirds , Logan Brown 14 (Brooks Macek 33) at 11:46
2. Philadelphia Phantoms , Brendan Perlini 17 (Joshua Ho-Sang 88, Zac Dalpe 67) at 15:29

Penalties :
No Penalty

2nd period

No Goal

Penalties :
No Penalty

3rd period

3. Philadelphia Phantoms , Dryden Hunt 22 (Lias Andersson 26, Joey Anderson 36) at 2:11
4. Philadelphia Phantoms , Joey Anderson 22 (Zac Dalpe 68, Warren Foegele 37) at 19:49 (Empty Net)

Penalties :
Rob O'Gara (THU) for Hooking (Minor) at 15:45, Brett Sutter (THU) for Hooking (Minor) at 19:52

Goalie Stats

Ilya Samsonov (PHA), 25 saves from 26 shots - (0,962), W, 31-7-1, 60:00 minutes
Mitch Gillam (THU), 48 saves from 50 shots - (0,960), L, 38-13-4, 59:18 minutes

Players Stats for Philadelphia Phantoms

Player Name              G  A  P  +/- PIM S  H  SB GA TA FO     MP     PP MP  PK MP  
------------------------------------------------------------------------------------
Brendan Perlini          1  0  1   1  0   7  0  0  0  0  0/0    17:58   1:21   0:00 
Chad Ruhwedel            0  0  0   2  0   0  3  1  0  0  0/0    22:16   0:00   0:00 
Dakota Mermis            0  0  0  -1  0   1  2  0  0  2  0/0    16:41   0:00   0:00 
Dale Weise               0  0  0   1  0   1  1  0  0  0  0/0     9:29   0:00   0:00 
Dennis Cholowski         0  0  0   1  0   1  0  0  0  0  0/0    19:27   0:45   0:00 
Dryden Hunt              1  0  1   1  0   1  1  0  0  0  0/0     9:29   0:00   0:00 
German Rubtsov           0  0  0  -1  0   8  2  0  0  0  5/14   14:54   0:00   0:00 
Jake Bean                0  0  0   1  0   3  1  0  0  1  0/0    19:27   0:45   0:00 
Joey Anderson            1  1  2   1  0   6  1  0  2  1  0/0    17:47   0:53   0:00 
John Marino              0  0  0   2  0   3  1  1  0  0  0/0    23:52   1:21   0:00 
Joshua Ho-Sang           0  1  1   1  0   4  0  0  1  1  0/2    17:50   1:13   0:00 
Juuso Valimaki           0  0  0  -1  0   2  2  1  0  0  0/0    16:41   0:00   0:00 
Lias Andersson           0  1  1   1  0   2  0  0  0  0  2/5     9:29   0:00   0:00 
Max Veronneau            0  0  0  -1  0   4  0  0  0  0  0/0    14:54   0:00   0:00 
T.J. Hensick             0  0  0  -1  0   0  1  0  0  1  2/3    16:22   1:13   0:00 
Tanner Kero              0  0  0   0  0   5  2  0  2  1  13/23  16:56   0:53   0:00 
Warren Foegele           0  1  1   1  0   1  2  0  0  1  0/0    17:47   0:53   0:00 
Zac Dalpe                0  2  2   2  0   2  1  0  1  1  19/26  18:41   1:13   0:00 

Players Stats for Seattle Thunderbirds

Player Name              G  A  P  +/- PIM S  H  SB GA TA FO     MP     PP MP  PK MP  
------------------------------------------------------------------------------------
Andrew Campbell          0  0  0   0  0   0  0  0  0  0  0/0     5:29   0:00   0:00 
Brett Sutter             0  0  0   0  2   1  1  0  0  0  2/4     6:07   0:00   0:41 
Brooks Macek             0  1  1  -1  0   2  0  1  0  0  0/0    14:25   0:00   0:00 
Jacob Larsson            0  0  0  -2  0   0  0  1  0  0  0/0    24:31   0:00   1:07 
Jacob MacDonald          0  0  0  -2  0   2  3  5  1  0  0/0    24:31   0:00   1:07 
Jesperi Kotkaniemi       0  0  0  -1  0   4  1  1  3  0  15/35  24:09   0:00   1:06 
Joey LaLeggia            0  0  0   0  0   0  2  2  0  0  0/0    18:12   0:00   0:59 
Josh Leivo               0  0  0  -1  0   4  0  1  0  2  0/3    24:08   0:00   1:06 
Logan Brown              1  0  1  -1  0   3  1  0  0  1  7/14   14:25   0:00   0:00 
Logan Stanley            0  0  0   0  0   0  0  0  0  0  0/0     5:29   0:00   0:00 
Matt Irwin               0  0  0   0  0   0  1  0  0  0  0/0    11:58   0:00   0:10 
Matt Read                0  0  0   0  0   3  2  0  1  0  0/1    19:38   0:00   0:00 
Matt Tennyson            0  0  0   0  0   0  0  1  0  0  0/0    11:48   0:00   0:00 
Peter Cehlarik           0  0  0  -1  0   2  1  0  2  0  0/1    15:41   0:00   0:41 
Rob O'Gara               0  0  0   0  2   0  0  0  0  0  0/0     1:57   0:00   0:00 
Sam Carrick              0  0  0   0  0   3  3  2  0  1  8/14   19:57   0:00   0:19 
Stefan Noesen            0  0  0  -1  0   1  2  1  0  0  0/0    19:11   0:00   0:19 
T.J. Tynan               0  0  0   0  0   1  0  1  2  1  0/1    19:38   0:00   0:00 
Vincent LoVerde          0  0  0   0  0   0  0  0  0  0  0/0     1:00   0:00   0:49 
Yannick Weber            0  0  0   0  0   0  0  1  0  1  0/0    15:38   0:00   0:00 

3 Stars

1 - Mitch Gillam (THU)
2 - Joey Anderson (PHA)
3 - Zac Dalpe (PHA)

Power Play

Philadelphia Phantoms - 0 on 2 Attempt(s) - 0,00%
Seattle Thunderbirds - 0 on 0 Attempt(s) - 0,00%

Penalty Kill

Philadelphia Phantoms - 0 on 0 Attempt(s) - 0,00% - Score 0 goal in Penalty Kill
Seattle Thunderbirds - 2 on 2 Attempt(s) - 100,00% - Score 0 goal in Penalty Kill

Team Stat

Philadelphia Phantoms - Hits : 20 - Faceoff Wins : 41 - Blocked Shots : 3 - Penalty Minutes : 0
Seattle Thunderbirds - Hits : 17 - Faceoff Wins : 32 - Blocked Shots : 17 - Penalty Minutes : 4

Official

Referees : Marc Joannette and Justin StPierre
Linesman : Mark Shewchyk and Derek Amell

Game Notes

Yannick Weber is injured at 10:27 of 3rd period (Upper Body)
Joey Anderson has scored in a empty net!

Finance

Level 1 -- Attendance: 1630 (81,50%) -- Ticket Income 57 050 $
Level 2 -- Attendance: 777 (77,70%) -- Ticket Income 11 655 $
Total Attendance: 2407 (80,23%)
Total Ticket Income: 68 705 $
Other Income: 33 665 $
Total Income: 102 370 $

Philadelphia Phantoms

5 vs 5 Forward 
   Center                   Left Wing                Right Wing               Time % Phy DF OF 
 1 Zac Dalpe                Joshua Ho-Sang           Brendan Perlini          31     0   2  3  
 2 Tanner Kero              Warren Foegele           Joey Anderson            29     0   2  3  
 3 German Rubtsov           Max Veronneau            T.J. Hensick             26     0   2  3  
 4 Lias Andersson           Dale Weise               Dryden Hunt              14     0   2  3  

5 vs 5 Defense 
   Defense                  Defense                                           Time % Phy DF OF 
 1 Chad Ruhwedel            John Marino                                       38     0   2  3  
 2 Jake Bean                Dennis Cholowski                                  32     0   2  3  
 3 Juuso Valimaki           Dakota Mermis                                     30     0   2  3  
 4 Dennis Cholowski         John Marino                                       0      0   2  3  

PowerPlay Forward 
   Center                   Left Wing                Right Wing               Time % Phy DF OF 
 1 Zac Dalpe                Joshua Ho-Sang           T.J. Hensick             60     0   0  5  
 2 Tanner Kero              Warren Foegele           Joey Anderson            40     0   0  5  

PowerPlay Defense
   Defense                  Defense                                           Time % Phy DF OF 
 1 John Marino              Brendan Perlini                                   60     0   0  5  
 2 Jake Bean                Dennis Cholowski                                  40     0   0  5  

Penalty Kill 4 Players Forward 
   Center                   Wing                     Time % Phy DF OF 
 1 Joey Anderson            Dale Weise               60     0   5  0  
 2 Lias Andersson           Warren Foegele           40     0   5  0  

Penalty Kill 4 Players Defense
   Defense                  Defense                  Time % Phy DF OF 
 1 Chad Ruhwedel            John Marino              60     0   5  0  
 2 Jake Bean                Juuso Valimaki           40     0   5  0  

Penalty Kill - 3 Players Forward 
   Forward                                           Time % Phy DF OF 
 1 Dale Weise                                        60     0   5  0  
 2 Joey Anderson                                     40     0   5  0  

Penalty Kill - 3 Players Defense
   Defense                  Defense                  Time % Phy DF OF 
 1 Chad Ruhwedel            John Marino              60     0   5  0  
 2 Jake Bean                Juuso Valimaki           40     0   5  0  

4 vs 4 Forward 
   Center                   Wing                     Time % Phy DF OF 
 1 Zac Dalpe                Joshua Ho-Sang           60     0   2  3  
 2 T.J. Hensick             Brendan Perlini          40     0   2  3  

4 vs 4 Defense
   Defense                  Defense                  Time % Phy DF OF 
 1 Dennis Cholowski         John Marino              60     0   2  3  
 2 Jake Bean                Juuso Valimaki           40     0   2  3  

Last Minutes Offensive
   Center                   Left Wing                Right Wing               Defense                  Defense                  
   Zac Dalpe                T.J. Hensick             Joshua Ho-Sang           Dennis Cholowski         John Marino              

Last Minutes Defensive
   Center                   Left Wing                Right Wing               Defense                  Defense                  
   Zac Dalpe                Warren Foegele           Joey Anderson            Chad Ruhwedel            John Marino              

Goaltenders
Starting : Ilya Samsonov            
Backup : Tristan Jarry            

Extra Forwards
Normal : Lias Andersson, Dryden Hunt, Dale Weise - PP : German Rubtsov, Dale Weise - PK : Lias Andersson
Extra Defensemen
Normal : Chad Ruhwedel, Dennis Cholowski, Jake Bean - PP : Chad Ruhwedel - PK : Dennis Cholowski, Jake Bean
Penalty Shots
T.J. Hensick, Zac Dalpe, German Rubtsov, Dryden Hunt, Jake Bean

Scratches
A.J. Greer (Healthy), Givani Smith (Healthy), Dean Kukan (Healthy), Jon Martin (Healthy), Dennis Yan (Healthy)
Ty Lewis (Healthy), Oscar Dansk (Healthy), Alex Lyon (Healthy), Connor LaCouvee (Healthy), Hunter Miska (Healthy)
Kevin Lankinen (Healthy)

Seattle Thunderbirds

5 vs 5 Forward 
   Center                   Left Wing                Right Wing               Time % Phy DF OF 
 1 Jesperi Kotkaniemi       Josh Leivo               Stefan Noesen            40     1   2  2  
 2 Sam Carrick              Matt Read                T.J. Tynan               30     1   2  2  
 3 Logan Brown              Peter Cehlarik           Brooks Macek             20     1   2  2  
 4 Brett Sutter             Jesperi Kotkaniemi       Josh Leivo               10     1   2  2  

5 vs 5 Defense 
   Defense                  Defense                                           Time % Phy DF OF 
 1 Jacob Larsson            Jacob MacDonald                                   40     1   2  2  
 2 Yannick Weber            Joey LaLeggia                                     30     1   2  2  
 3 Matt Irwin               Matt Tennyson                                     20     1   2  2  
 4 Logan Stanley            Andrew Campbell                                   10     1   2  2  

PowerPlay Forward 
   Center                   Left Wing                Right Wing               Time % Phy DF OF 
 1 Jesperi Kotkaniemi       Josh Leivo               Stefan Noesen            60     1   2  2  
 2 Sam Carrick              Matt Read                T.J. Tynan               40     1   2  2  

PowerPlay Defense
   Defense                  Defense                                           Time % Phy DF OF 
 1 Jacob Larsson            Jacob MacDonald                                   60     1   2  2  
 2 Yannick Weber            Joey LaLeggia                                     40     1   2  2  

Penalty Kill 4 Players Forward 
   Center                   Wing                     Time % Phy DF OF 
 1 Jesperi Kotkaniemi       Josh Leivo               60     1   2  2  
 2 Stefan Noesen            Sam Carrick              40     1   2  2  

Penalty Kill 4 Players Defense
   Defense                  Defense                  Time % Phy DF OF 
 1 Jacob Larsson            Jacob MacDonald          60     1   2  2  
 2 Yannick Weber            Joey LaLeggia            40     1   2  2  

Penalty Kill - 3 Players Forward 
   Forward                                           Time % Phy DF OF 
 1 Jesperi Kotkaniemi                                60     1   2  2  
 2 Josh Leivo                                        40     1   2  2  

Penalty Kill - 3 Players Defense
   Defense                  Defense                  Time % Phy DF OF 
 1 Jacob Larsson            Jacob MacDonald          60     1   2  2  
 2 Yannick Weber            Joey LaLeggia            40     1   2  2  

4 vs 4 Forward 
   Center                   Wing                     Time % Phy DF OF 
 1 Jesperi Kotkaniemi       Josh Leivo               60     1   2  2  
 2 Stefan Noesen            Sam Carrick              40     1   2  2  

4 vs 4 Defense
   Defense                  Defense                  Time % Phy DF OF 
 1 Jacob Larsson            Jacob MacDonald          60     1   2  2  
 2 Yannick Weber            Joey LaLeggia            40     1   2  2  

Last Minutes Offensive
   Center                   Left Wing                Right Wing               Defense                  Defense                  
   Jesperi Kotkaniemi       Josh Leivo               Stefan Noesen            Jacob Larsson            Jacob MacDonald          

Last Minutes Defensive
   Center                   Left Wing                Right Wing               Defense                  Defense                  
   Jesperi Kotkaniemi       Josh Leivo               Stefan Noesen            Jacob Larsson            Jacob MacDonald          

Goaltenders
Starting : Mitch Gillam             
Backup : John Muse                

Extra Forwards
Normal : Logan Brown, Brooks Macek, Peter Cehlarik - PP : Logan Brown, Brooks Macek - PK : Peter Cehlarik
Extra Defensemen
Normal : Rob O'Gara, Vincent LoVerde, Matt Irwin - PP : Rob O'Gara - PK : Vincent LoVerde, Matt Irwin
Penalty Shots
Jesperi Kotkaniemi, Josh Leivo, Stefan Noesen, Sam Carrick, Yannick Weber

Scratches
Emil Pettersson (Healthy), Rourke Chartier (Healthy), Landon Ferraro (Healthy), Hampus Gustafsson (Healthy), Zane McIntyre (Healthy)
Jake Paterson (Healthy)

% Time on Ice - Philadelphia Phantoms

Lines # - Real PCT - Wanted PCT - Time Play
Normal Forward
1 - 29% - 31% - 16:37
2 - 28% - 29% - 16:03
3 - 26% - 26% - 14:54
4 - 17% - 14% - 9:29
Normal Defense
1 - 38% - 38% - 21:40
2 - 33% - 32% - 18:42
3 - 29% - 30% - 16:41
4 - 0% - 0% - 0:00
PP Forward
1 - 58% - 60% - 1:13
2 - 42% - 40% - 0:53
PP Defense
1 - 64% - 60% - 1:21
2 - 36% - 40% - 0:45
PK Forward
1 - 0% - 60%
2 - 0% - 40%
PK Defense
1 - 0% - 60%
2 - 0% - 40%
PK3 Forward
1 - 0% - 60%
2 - 0% - 40%
PK3 Defense
1 - 0% - 60%
2 - 0% - 40%
44 Forward
1 - 0% - 60%
2 - 0% - 40%
44 Defense
1 - 0% - 60%
2 - 0% - 40%
Last Minute Offensive  - 0:00
Last Minute Defensive  - 0:51
Total
Forward - 60:00
Defense - 60:00

% Time on Ice - Seattle Thunderbirds

Lines # - Real PCT - Wanted PCT - Time Play
Normal Forward
1 - 33% - 40% - 18:36
2 - 34% - 30% - 19:38
3 - 25% - 20% - 14:25
4 - 8% - 10% - 4:25
Normal Defense
1 - 40% - 40% - 22:34
2 - 30% - 30% - 17:13
3 - 21% - 20% - 11:48
4 - 10% - 10% - 5:29
PP Forward
1 - 0% - 60%
2 - 0% - 40%
PP Defense
1 - 0% - 60%
2 - 0% - 40%
PK Forward
1 - 85% - 60% - 1:47
2 - 15% - 40% - 0:19
PK Defense
1 - 53% - 60% - 1:07
2 - 47% - 40% - 0:59
PK3 Forward
1 - 0% - 60%
2 - 0% - 40%
PK3 Defense
1 - 0% - 60%
2 - 0% - 40%
44 Forward
1 - 0% - 60%
2 - 0% - 40%
44 Defense
1 - 0% - 60%
2 - 0% - 40%
Last Minute Offensive  - 0:50
Last Minute Defensive  - 0:00
Total
Forward - 60:00
Defense - 60:00

Play-by-Play

1st period


0:01 of 1st period - Jesperi Kotkaniemi wins face-off versus Zac Dalpe in neutral zone.
0:06 of 1st period - Snap shot by Josh Leivo.
0:06 of 1st period - Deflect By Jesperi Kotkaniemi.
0:06 of 1st period - Shot Misses the Net.
0:06 of 1st period - Puck is out of play.
0:07 of 1st period - Zac Dalpe wins face-off versus Jesperi Kotkaniemi in Philadelphia Phantoms zone.
0:28 of 1st period - Wrist shot by Zac Dalpe.
0:28 of 1st period - Shot Misses the Net.
0:30 of 1st period - Snap shot by Joshua Ho-Sang.
0:30 of 1st period - Deflect By Josh Leivo.
0:30 of 1st period - Shot Misses the Net.
0:30 of 1st period - Puck is out of play.
0:31 of 1st period - Sam Carrick wins face-off versus Tanner Kero in Seattle Thunderbirds zone.
0:58 of 1st period - Yannick Weber is hit by German Rubtsov and loses puck.
1:21 of 1st period - Snap shot by Lias Andersson.
1:21 of 1st period - Shot Blocked by Josh Leivo.
1:42 of 1st period - Slapshot by Sam Carrick.
1:42 of 1st period - Shot Misses the Net.
2:06 of 1st period - Wrist shot by Lias Andersson.
2:06 of 1st period - Stopped by Mitch Gillam with a rebound.
2:22 of 1st period - Wrist shot by Dryden Hunt.
2:22 of 1st period - Deflect By Matt Read.
2:22 of 1st period - Shot Misses the Net.
2:22 of 1st period - Puck is out of play.
2:23 of 1st period - Tanner Kero wins face-off versus Josh Leivo in Seattle Thunderbirds zone.
2:28 of 1st period - Wrist shot by Tanner Kero.
2:28 of 1st period - Shot Misses the Net.
2:30 of 1st period - Backhand shot by John Marino.
2:30 of 1st period - Shot Blocked by Jesperi Kotkaniemi.
2:32 of 1st period - Slapshot by John Marino.
2:32 of 1st period - Stopped by Mitch Gillam without a rebound.
2:33 of 1st period - Tanner Kero wins face-off versus Jesperi Kotkaniemi in Seattle Thunderbirds zone.
2:34 of 1st period - Snap shot by Joey Anderson.
2:34 of 1st period - Stopped by Mitch Gillam with a rebound.
2:38 of 1st period - Backhand shot by Tanner Kero.
2:38 of 1st period - Stopped by Mitch Gillam with a rebound.
2:40 of 1st period - Slapshot by Tanner Kero.
2:40 of 1st period - Stopped by Mitch Gillam without a rebound.
2:41 of 1st period - Zac Dalpe wins face-off versus Jesperi Kotkaniemi in Seattle Thunderbirds zone.
3:06 of 1st period - Logan Brown is hit by T.J. Hensick and loses puck.
4:39 of 1st period - Wrist shot by Sam Carrick.
4:39 of 1st period - Stopped by Ilya Samsonov with a rebound.
4:41 of 1st period - Slapshot by Logan Stanley.
4:41 of 1st period - Shot Misses the Net.
4:45 of 1st period - Slapshot by Sam Carrick.
4:45 of 1st period - Stopped by Ilya Samsonov with a rebound.
4:47 of 1st period - Snap shot by T.J. Tynan.
4:47 of 1st period - Shot Hit the Post.
6:38 of 1st period - Snap shot by Brendan Perlini.
6:38 of 1st period - Shot Blocked by Brooks Macek.
7:26 of 1st period - Jacob Larsson is hit by Dryden Hunt and loses puck.
8:26 of 1st period - Juuso Valimaki is hit by Stefan Noesen and loses puck.
8:45 of 1st period - Snap shot by Brendan Perlini.
8:45 of 1st period - Shot Misses the Net.
9:44 of 1st period - Wrist shot by Zac Dalpe.
9:44 of 1st period - Shot Blocked by T.J. Tynan.
9:50 of 1st period - Snap shot by Brendan Perlini.
9:50 of 1st period - Stopped by Mitch Gillam with a rebound.
9:52 of 1st period - Snap shot by Joshua Ho-Sang.
9:52 of 1st period - Stopped by Mitch Gillam without a rebound.
9:53 of 1st period - Logan Brown wins face-off versus German Rubtsov in Seattle Thunderbirds zone.
9:53 of 1st period - Logan Brown is hit by Chad Ruhwedel.
10:46 of 1st period - Snap shot by Tanner Kero.
10:46 of 1st period - Stopped by Mitch Gillam without a rebound.
10:47 of 1st period - Logan Brown wins face-off versus Lias Andersson in Seattle Thunderbirds zone.
11:27 of 1st period - Dakota Mermis is hit by Joey LaLeggia and loses puck.
11:46 of 1st period - Slapshot by Logan Brown.
11:46 of 1st period - Deflect By German Rubtsov.
11:46 of 1st period - Goal by Logan Brown - Philadelphia Phantoms : 0 - Seattle Thunderbirds : 1.
11:47 of 1st period - Jesperi Kotkaniemi wins face-off versus German Rubtsov in neutral zone.
11:52 of 1st period - T.J. Hensick is hit by Stefan Noesen and loses puck.
12:38 of 1st period - Wrist shot by Brendan Perlini.
12:38 of 1st period - Stopped by Mitch Gillam with a rebound.
12:44 of 1st period - Wrist shot by Zac Dalpe.
12:44 of 1st period - Stopped by Mitch Gillam with a rebound.
12:56 of 1st period - Dale Weise is hit by Matt Irwin and loses puck.
13:18 of 1st period - Snap shot by German Rubtsov.
13:18 of 1st period - Stopped by Mitch Gillam without a rebound.
13:19 of 1st period - Sam Carrick wins face-off versus German Rubtsov in Seattle Thunderbirds zone.
13:19 of 1st period - Sam Carrick is hit by Juuso Valimaki.
13:29 of 1st period - Wrist shot by Matt Read.
13:29 of 1st period - Shot Blocked by Juuso Valimaki.
13:45 of 1st period - Snap shot by Jesperi Kotkaniemi.
13:45 of 1st period - Stopped by Ilya Samsonov without a rebound.
13:46 of 1st period - Zac Dalpe wins face-off versus Jesperi Kotkaniemi in Philadelphia Phantoms zone.
13:59 of 1st period - Snap shot by Joshua Ho-Sang.
13:59 of 1st period - Shot Blocked by Joey LaLeggia.
14:01 of 1st period - Snap shot by Brendan Perlini.
14:01 of 1st period - Stopped by Mitch Gillam with a rebound.
14:13 of 1st period - Sam Carrick is hit by Warren Foegele and loses puck.
14:36 of 1st period - Snap shot by Brooks Macek.
14:36 of 1st period - Stopped by Ilya Samsonov with a rebound.
14:46 of 1st period - Slapshot by Peter Cehlarik.
14:46 of 1st period - Stopped by Ilya Samsonov without a rebound.
14:47 of 1st period - Zac Dalpe wins face-off versus Jesperi Kotkaniemi in Philadelphia Phantoms zone.
15:12 of 1st period - Joshua Ho-Sang is hit by Jacob MacDonald and loses puck.
15:29 of 1st period - Snap shot by Brendan Perlini.
15:29 of 1st period - Goal by Brendan Perlini - Philadelphia Phantoms : 1 - Seattle Thunderbirds : 1.
15:30 of 1st period - Jesperi Kotkaniemi wins face-off versus Tanner Kero in neutral zone.
16:16 of 1st period - Wrist shot by Logan Brown.
16:16 of 1st period - Shot Misses the Net.
16:18 of 1st period - Wrist shot by Jacob Larsson.
16:18 of 1st period - Shot Blocked by Chad Ruhwedel.
16:20 of 1st period - Slapshot by Brooks Macek.
16:20 of 1st period - Stopped by Ilya Samsonov without a rebound.
16:21 of 1st period - Zac Dalpe wins face-off versus Jesperi Kotkaniemi in Philadelphia Phantoms zone.
16:46 of 1st period - Zac Dalpe is hit by Peter Cehlarik and loses puck.
16:51 of 1st period - Wrist shot by Peter Cehlarik.
16:51 of 1st period - Deflect By Logan Brown.
16:51 of 1st period - Shot Misses the Net.
16:51 of 1st period - Puck is out of play.
16:52 of 1st period - Tanner Kero wins face-off versus Logan Brown in Philadelphia Phantoms zone.
16:57 of 1st period - Brooks Macek is hit by Juuso Valimaki and loses puck.
17:03 of 1st period - Off-side.
17:04 of 1st period - Tanner Kero wins face-off versus Jesperi Kotkaniemi in neutral zone.
17:21 of 1st period - Chad Ruhwedel is hit by Jesperi Kotkaniemi and loses puck.
17:31 of 1st period - Icing by Tanner Kero.
17:32 of 1st period - Tanner Kero wins face-off versus Sam Carrick in Philadelphia Phantoms zone.
18:01 of 1st period - Icing by Juuso Valimaki.
18:02 of 1st period - Jesperi Kotkaniemi wins face-off versus Zac Dalpe in Philadelphia Phantoms zone.
18:03 of 1st period - Backhand shot by Josh Leivo.
18:03 of 1st period - Stopped by Ilya Samsonov with a rebound.
18:46 of 1st period - Snap shot by Joey Anderson.
18:46 of 1st period - Stopped by Mitch Gillam without a rebound.
18:47 of 1st period - Tanner Kero wins face-off versus Jesperi Kotkaniemi in Seattle Thunderbirds zone.
18:48 of 1st period - Slapshot by Joey Anderson.
18:48 of 1st period - Stopped by Mitch Gillam with a rebound.
19:11 of 1st period - Icing by Dakota Mermis.
19:12 of 1st period - Tanner Kero wins face-off versus Logan Brown in Philadelphia Phantoms zone.
19:12 of 1st period - Tanner Kero is hit by Jacob MacDonald.
19:18 of 1st period - Wrist shot by German Rubtsov.
19:18 of 1st period - Stopped by Mitch Gillam without a rebound.
19:19 of 1st period - Jesperi Kotkaniemi wins face-off versus German Rubtsov in Seattle Thunderbirds zone.
19:49 of 1st period - Wrist shot by T.J. Hensick.
19:49 of 1st period - Shot Misses the Net.
Goals for this period are 1 for Philadelphia Phantoms vs 1 for Seattle Thunderbirds.
Shots for this period are 16 for Philadelphia Phantoms vs 8 for Seattle Thunderbirds.

2nd period


0:01 of 2nd period - Tanner Kero wins face-off versus Jesperi Kotkaniemi in neutral zone.
0:28 of 2nd period - Slapshot by Logan Brown.
0:28 of 2nd period - Stopped by Ilya Samsonov without a rebound.
0:29 of 2nd period - Logan Brown wins face-off versus Zac Dalpe in Philadelphia Phantoms zone.
0:30 of 2nd period - Snap shot by Peter Cehlarik.
0:30 of 2nd period - Shot Misses the Net.
0:38 of 2nd period - Wrist shot by Brendan Perlini.
0:38 of 2nd period - Shot Misses the Net.
0:40 of 2nd period - Snap shot by Brendan Perlini.
0:40 of 2nd period - Shot Blocked by Matt Tennyson.
1:00 of 2nd period - Wrist shot by German Rubtsov.
1:00 of 2nd period - Stopped by Mitch Gillam without a rebound.
1:01 of 2nd period - Jesperi Kotkaniemi wins face-off versus Tanner Kero in Seattle Thunderbirds zone.
1:10 of 2nd period - Wrist shot by Jesperi Kotkaniemi.
1:10 of 2nd period - Shot Misses the Net.
1:12 of 2nd period - Snap shot by Stefan Noesen.
1:12 of 2nd period - Stopped by Ilya Samsonov without a rebound.
1:13 of 2nd period - Zac Dalpe wins face-off versus Jesperi Kotkaniemi in Philadelphia Phantoms zone.
1:26 of 2nd period - Wrist shot by Jesperi Kotkaniemi.
1:26 of 2nd period - Stopped by Ilya Samsonov with a rebound.
1:28 of 2nd period - Slapshot by Stefan Noesen.
1:28 of 2nd period - Deflect By Jesperi Kotkaniemi.
1:28 of 2nd period - Shot Blocked by John Marino.
1:28 of 2nd period - Puck is out of play.
1:29 of 2nd period - Tanner Kero wins face-off versus T.J. Tynan in Philadelphia Phantoms zone.
2:28 of 2nd period - Snap shot by Brendan Perlini.
2:28 of 2nd period - Shot Misses the Net.
2:30 of 2nd period - Wrist shot by Zac Dalpe.
2:30 of 2nd period - Stopped by Mitch Gillam with a rebound.
2:55 of 2nd period - Wrist shot by Sam Carrick.
2:55 of 2nd period - Shot Misses the Net.
3:20 of 2nd period - Wrist shot by Matt Read.
3:20 of 2nd period - Stopped by Ilya Samsonov without a rebound.
3:21 of 2nd period - Jesperi Kotkaniemi wins face-off versus Zac Dalpe in Philadelphia Phantoms zone.
3:36 of 2nd period - Slapshot by Joshua Ho-Sang.
3:36 of 2nd period - Shot Misses the Net.
3:46 of 2nd period - Matt Tennyson is hit by Dale Weise and loses puck.
3:54 of 2nd period - Off-side.
3:55 of 2nd period - Brett Sutter wins face-off versus Tanner Kero in neutral zone.
4:50 of 2nd period - Snap shot by German Rubtsov.
4:50 of 2nd period - Stopped by Mitch Gillam with a rebound.
4:52 of 2nd period - Snap shot by Dakota Mermis.
4:52 of 2nd period - Stopped by Mitch Gillam with a rebound.
5:42 of 2nd period - Logan Brown is hit by Warren Foegele and loses puck.
5:51 of 2nd period - Wrist shot by Joey Anderson.
5:51 of 2nd period - Stopped by Mitch Gillam with a rebound.
5:53 of 2nd period - Slapshot by Jake Bean.
5:53 of 2nd period - Deflect By Peter Cehlarik.
5:53 of 2nd period - Stopped by Mitch Gillam with a rebound.
6:07 of 2nd period - Snap shot by T.J. Hensick.
6:07 of 2nd period - Shot Misses the Net.
6:09 of 2nd period - Snap shot by German Rubtsov.
6:09 of 2nd period - Shot Misses the Net.
6:11 of 2nd period - Snap shot by T.J. Hensick.
6:11 of 2nd period - Shot Blocked by Jacob MacDonald.
6:25 of 2nd period - Slapshot by Lias Andersson.
6:25 of 2nd period - Shot Misses the Net.
7:18 of 2nd period - Slapshot by Joshua Ho-Sang.
7:18 of 2nd period - Shot Blocked by Joey LaLeggia.
7:32 of 2nd period - Jesperi Kotkaniemi is hit by Dakota Mermis and loses puck.
7:47 of 2nd period - Snap shot by Juuso Valimaki.
7:47 of 2nd period - Stopped by Mitch Gillam without a rebound.
7:48 of 2nd period - Lias Andersson wins face-off versus Sam Carrick in Seattle Thunderbirds zone.
8:19 of 2nd period - Wrist shot by Peter Cehlarik.
8:19 of 2nd period - Stopped by Ilya Samsonov with a rebound.
10:49 of 2nd period - Wrist shot by Warren Foegele.
10:49 of 2nd period - Stopped by Mitch Gillam without a rebound.
10:50 of 2nd period - Logan Brown wins face-off versus Tanner Kero in Seattle Thunderbirds zone.
11:15 of 2nd period - Juuso Valimaki is hit by Matt Read and loses puck.
11:20 of 2nd period - Wrist shot by Sam Carrick.
11:20 of 2nd period - Stopped by Ilya Samsonov with a rebound.
11:36 of 2nd period - Slapshot by German Rubtsov.
11:36 of 2nd period - Stopped by Mitch Gillam without a rebound.
11:37 of 2nd period - Logan Brown wins face-off versus Tanner Kero in Seattle Thunderbirds zone.
11:37 of 2nd period - Logan Brown is hit by Tanner Kero.
11:45 of 2nd period - Snap shot by Tanner Kero.
11:45 of 2nd period - Stopped by Mitch Gillam without a rebound.
11:46 of 2nd period - Jesperi Kotkaniemi wins face-off versus Tanner Kero in Seattle Thunderbirds zone.
12:01 of 2nd period - Wrist shot by Joey Anderson.
12:01 of 2nd period - Shot Blocked by Jacob MacDonald.
12:42 of 2nd period - Slapshot by Jake Bean.
12:42 of 2nd period - Stopped by Mitch Gillam with a rebound.
12:44 of 2nd period - Snap shot by Warren Foegele.
12:44 of 2nd period - Shot Misses the Net.
12:46 of 2nd period - Wrist shot by Warren Foegele.
12:46 of 2nd period - Deflect By Tanner Kero.
12:46 of 2nd period - Shot Blocked by Jacob MacDonald.
12:46 of 2nd period - Puck is out of play.
12:47 of 2nd period - Sam Carrick wins face-off versus Joshua Ho-Sang in Seattle Thunderbirds zone.
13:13 of 2nd period - Icing by John Marino.
13:14 of 2nd period - German Rubtsov wins face-off versus Logan Brown in Philadelphia Phantoms zone.
13:46 of 2nd period - Slapshot by Jake Bean.
13:46 of 2nd period - Stopped by Mitch Gillam without a rebound.
13:47 of 2nd period - Tanner Kero wins face-off versus Jesperi Kotkaniemi in Seattle Thunderbirds zone.
14:55 of 2nd period - Backhand shot by Brett Sutter.
14:55 of 2nd period - Stopped by Ilya Samsonov without a rebound.
14:56 of 2nd period - Lias Andersson wins face-off versus Brett Sutter in Philadelphia Phantoms zone.
15:00 of 2nd period - Icing by Chad Ruhwedel.
15:01 of 2nd period - Jesperi Kotkaniemi wins face-off versus Lias Andersson in Philadelphia Phantoms zone.
15:10 of 2nd period - Snap shot by Lias Andersson.
15:10 of 2nd period - Stopped by Mitch Gillam with a rebound.
15:12 of 2nd period - Wrist shot by John Marino.
15:12 of 2nd period - Stopped by Mitch Gillam without a rebound.
15:13 of 2nd period - Jesperi Kotkaniemi wins face-off versus Zac Dalpe in Seattle Thunderbirds zone.
16:38 of 2nd period - Jake Bean is hit by Jacob MacDonald and loses puck.
17:13 of 2nd period - Slapshot by Jake Bean.
17:13 of 2nd period - Shot Misses the Net.
18:25 of 2nd period - Dale Weise is hit by Sam Carrick and loses puck.
19:09 of 2nd period - Jesperi Kotkaniemi is hit by German Rubtsov and loses puck.
19:24 of 2nd period - Wrist shot by Tanner Kero.
19:24 of 2nd period - Stopped by Mitch Gillam without a rebound.
19:25 of 2nd period - Tanner Kero wins face-off versus Logan Brown in Seattle Thunderbirds zone.
19:42 of 2nd period - Wrist shot by Matt Read.
19:42 of 2nd period - Stopped by Ilya Samsonov without a rebound.
19:43 of 2nd period - Zac Dalpe wins face-off versus Sam Carrick in Philadelphia Phantoms zone.
19:43 of 2nd period - Zac Dalpe is hit by Matt Read.
Goals for this period are 0 for Philadelphia Phantoms vs 0 for Seattle Thunderbirds.
Shots for this period are 15 for Philadelphia Phantoms vs 8 for Seattle Thunderbirds.

3rd period


0:01 of 3rd period - Zac Dalpe wins face-off versus Jesperi Kotkaniemi in neutral zone.
0:16 of 3rd period - Snap shot by Brendan Perlini.
0:16 of 3rd period - Shot Misses the Net.
0:26 of 3rd period - Josh Leivo is hit by Chad Ruhwedel and loses puck.
0:53 of 3rd period - Sam Carrick is hit by Dakota Mermis and loses puck.
1:00 of 3rd period - Snap shot by Matt Read.
1:00 of 3rd period - Stopped by Ilya Samsonov without a rebound.
1:01 of 3rd period - Zac Dalpe wins face-off versus Logan Brown in Philadelphia Phantoms zone.
1:39 of 3rd period - T.J. Tynan is hit by John Marino and loses puck.
1:52 of 3rd period - Jesperi Kotkaniemi is hit by Joey Anderson and loses puck.
2:11 of 3rd period - Wrist shot by Dryden Hunt.
2:11 of 3rd period - Goal by Dryden Hunt - Philadelphia Phantoms : 2 - Seattle Thunderbirds : 1.
2:12 of 3rd period - Zac Dalpe wins face-off versus Josh Leivo in neutral zone.
2:50 of 3rd period - Slapshot by T.J. Tynan.
2:50 of 3rd period - Deflect By Jake Bean.
2:50 of 3rd period - Shot Misses the Net.
2:50 of 3rd period - Puck is out of play.
2:51 of 3rd period - Zac Dalpe wins face-off versus Jesperi Kotkaniemi in Philadelphia Phantoms zone.
3:02 of 3rd period - Snap shot by Brendan Perlini.
3:02 of 3rd period - Shot Misses the Net.
3:21 of 3rd period - Backhand shot by T.J. Hensick.
3:21 of 3rd period - Shot Blocked by Jacob MacDonald.
3:23 of 3rd period - Snap shot by Max Veronneau.
3:23 of 3rd period - Shot Blocked by Jacob MacDonald.
3:25 of 3rd period - Slapshot by Juuso Valimaki.
3:25 of 3rd period - Shot Blocked by Jacob Larsson.
3:27 of 3rd period - Slapshot by Juuso Valimaki.
3:27 of 3rd period - Stopped by Mitch Gillam without a rebound.
3:28 of 3rd period - Tanner Kero wins face-off versus Jesperi Kotkaniemi in Seattle Thunderbirds zone.
4:07 of 3rd period - Snap shot by Logan Brown.
4:07 of 3rd period - Stopped by Ilya Samsonov without a rebound.
4:08 of 3rd period - Zac Dalpe wins face-off versus Jesperi Kotkaniemi in Philadelphia Phantoms zone.
4:21 of 3rd period - Wrist shot by Brendan Perlini.
4:21 of 3rd period - Stopped by Mitch Gillam without a rebound.
4:22 of 3rd period - Jesperi Kotkaniemi wins face-off versus German Rubtsov in Seattle Thunderbirds zone.
4:22 of 3rd period - Jesperi Kotkaniemi is hit by Chad Ruhwedel.
4:36 of 3rd period - Wrist shot by Jesperi Kotkaniemi.
4:36 of 3rd period - Deflect By Josh Leivo.
4:36 of 3rd period - Stopped by Ilya Samsonov without a rebound.
4:37 of 3rd period - Sam Carrick wins face-off versus Joshua Ho-Sang in Philadelphia Phantoms zone.
4:46 of 3rd period - Wrist shot by Sam Carrick.
4:46 of 3rd period - Shot Misses the Net.
5:20 of 3rd period - Off-side.
5:21 of 3rd period - Logan Brown wins face-off versus Tanner Kero in neutral zone.
5:46 of 3rd period - Andrew Campbell is hit by Zac Dalpe and loses puck.
6:10 of 3rd period - Snap shot by John Marino.
6:10 of 3rd period - Shot Blocked by Sam Carrick.
6:12 of 3rd period - Snap shot by T.J. Hensick.
6:12 of 3rd period - Shot Misses the Net.
6:14 of 3rd period - Wrist shot by Max Veronneau.
6:14 of 3rd period - Stopped by Mitch Gillam without a rebound.
6:15 of 3rd period - Sam Carrick wins face-off versus German Rubtsov in Seattle Thunderbirds zone.
6:20 of 3rd period - Slapshot by Matt Read.
6:20 of 3rd period - Shot Misses the Net.
6:22 of 3rd period - Wrist shot by T.J. Tynan.
6:22 of 3rd period - Deflect By Matt Read.
6:22 of 3rd period - Shot Misses the Net.
6:22 of 3rd period - Puck is out of play.
6:23 of 3rd period - German Rubtsov wins face-off versus Sam Carrick in Philadelphia Phantoms zone.
7:20 of 3rd period - Backhand shot by Jesperi Kotkaniemi.
7:20 of 3rd period - Stopped by Ilya Samsonov without a rebound.
7:21 of 3rd period - German Rubtsov wins face-off versus Logan Brown in Philadelphia Phantoms zone.
7:21 of 3rd period - German Rubtsov is hit by Logan Brown.
8:13 of 3rd period - Off-side.
8:14 of 3rd period - Sam Carrick wins face-off versus Lias Andersson in neutral zone.
8:21 of 3rd period - Dryden Hunt is hit by Sam Carrick and loses puck.
8:40 of 3rd period - Matt Irwin is hit by Tanner Kero and loses puck.
8:58 of 3rd period - Icing by Brendan Perlini.
8:59 of 3rd period - Zac Dalpe wins face-off versus Brett Sutter in Philadelphia Phantoms zone.
9:26 of 3rd period - Backhand shot by Joey Anderson.
9:26 of 3rd period - Stopped by Mitch Gillam without a rebound.
9:27 of 3rd period - Sam Carrick wins face-off versus Tanner Kero in Seattle Thunderbirds zone.
9:38 of 3rd period - Wrist shot by Tanner Kero.
9:38 of 3rd period - Shot Misses the Net.
9:40 of 3rd period - Slapshot by Chad Ruhwedel.
9:40 of 3rd period - Shot Misses the Net.
9:53 of 3rd period - Slapshot by Chad Ruhwedel.
9:53 of 3rd period - Shot Misses the Net.
9:55 of 3rd period - Snap shot by Joey Anderson.
9:55 of 3rd period - Shot Misses the Net.
10:25 of 3rd period - Wrist shot by Joey Anderson.
10:25 of 3rd period - Shot Misses the Net.
10:27 of 3rd period - Slapshot by Chad Ruhwedel.
10:27 of 3rd period - Shot Blocked by Yannick Weber.
10:27 of 3rd period - Yannick Weber from Seattle Thunderbirds is injured at 10:27 of 3rd period (Upper Body).
10:28 of 3rd period - Jesperi Kotkaniemi wins face-off versus German Rubtsov in Seattle Thunderbirds zone.
10:43 of 3rd period - Slapshot by Josh Leivo.
10:43 of 3rd period - Shot Misses the Net.
11:15 of 3rd period - Off-side.
11:16 of 3rd period - Logan Brown wins face-off versus Tanner Kero in neutral zone.
11:18 of 3rd period - Off-side.
11:19 of 3rd period - German Rubtsov wins face-off versus Logan Brown in neutral zone.
11:28 of 3rd period - Wrist shot by Max Veronneau.
11:28 of 3rd period - Stopped by Mitch Gillam with a rebound.
11:34 of 3rd period - Snap shot by German Rubtsov.
11:34 of 3rd period - Stopped by Mitch Gillam with a rebound.
11:52 of 3rd period - Peter Cehlarik is hit by Jake Bean and loses puck.
12:16 of 3rd period - Slapshot by Dale Weise.
12:16 of 3rd period - Stopped by Mitch Gillam with a rebound.
12:53 of 3rd period - Off-side.
12:54 of 3rd period - Zac Dalpe wins face-off versus Jesperi Kotkaniemi in neutral zone.
13:01 of 3rd period - Snap shot by Brendan Perlini.
13:01 of 3rd period - Stopped by Mitch Gillam with a rebound.
13:19 of 3rd period - Juuso Valimaki is hit by Sam Carrick and loses puck.
13:24 of 3rd period - Wrist shot by T.J. Tynan.
13:24 of 3rd period - Stopped by Ilya Samsonov without a rebound.
13:25 of 3rd period - T.J. Hensick wins face-off versus Sam Carrick in Philadelphia Phantoms zone.
13:36 of 3rd period - Snap shot by German Rubtsov.
13:36 of 3rd period - Stopped by Mitch Gillam with a rebound.
13:38 of 3rd period - Slapshot by John Marino.
13:38 of 3rd period - Stopped by Mitch Gillam with a rebound.
13:58 of 3rd period - Wrist shot by Joshua Ho-Sang.
13:58 of 3rd period - Shot Misses the Net.
14:30 of 3rd period - Snap shot by T.J. Hensick.
14:30 of 3rd period - Deflect By Max Veronneau.
14:30 of 3rd period - Stopped by Mitch Gillam with a rebound.
14:32 of 3rd period - Slapshot by Dakota Mermis.
14:32 of 3rd period - Shot Misses the Net.
14:34 of 3rd period - Snap shot by German Rubtsov.
14:34 of 3rd period - Shot Misses the Net.
14:36 of 3rd period - Snap shot by Max Veronneau.
14:36 of 3rd period - Stopped by Mitch Gillam with a rebound.
14:54 of 3rd period - Wrist shot by Joshua Ho-Sang.
14:54 of 3rd period - Stopped by Mitch Gillam without a rebound.
14:55 of 3rd period - Zac Dalpe wins face-off versus Jesperi Kotkaniemi in Seattle Thunderbirds zone.
15:04 of 3rd period - Snap shot by Zac Dalpe.
15:04 of 3rd period - Deflect By Joshua Ho-Sang.
15:04 of 3rd period - Shot Blocked by Stefan Noesen.
15:04 of 3rd period - Puck is out of play.
15:05 of 3rd period - German Rubtsov wins face-off versus Matt Read in Seattle Thunderbirds zone.
15:08 of 3rd period - Snap shot by German Rubtsov.
15:08 of 3rd period - Stopped by Mitch Gillam with a rebound.
15:10 of 3rd period - Snap shot by Max Veronneau.
15:10 of 3rd period - Shot Misses the Net.
15:12 of 3rd period - Slapshot by Jake Bean.
15:12 of 3rd period - Shot Blocked by Sam Carrick.
15:14 of 3rd period - Slapshot by Jake Bean.
15:14 of 3rd period - Deflect By T.J. Hensick.
15:14 of 3rd period - Shot Misses the Net.
15:14 of 3rd period - Puck is out of play.
15:15 of 3rd period - Sam Carrick wins face-off versus German Rubtsov in Seattle Thunderbirds zone.
15:34 of 3rd period - Icing by Rob O'Gara.
15:35 of 3rd period - Zac Dalpe wins face-off versus Sam Carrick in Seattle Thunderbirds zone.
15:45 of 3rd period - Minor Penalty to Rob O'Gara for Hooking.
15:46 of 3rd period - Zac Dalpe wins face-off versus Jesperi Kotkaniemi in Seattle Thunderbirds zone.
15:46 of 3rd period - Wrist shot by Joshua Ho-Sang.
15:46 of 3rd period - Stopped by Mitch Gillam without a rebound.
15:47 of 3rd period - T.J. Hensick wins face-off versus Josh Leivo in Seattle Thunderbirds zone.
15:48 of 3rd period - Wrist shot by Joshua Ho-Sang.
15:48 of 3rd period - Stopped by Mitch Gillam without a rebound.
15:49 of 3rd period - Jesperi Kotkaniemi wins face-off versus Zac Dalpe in Seattle Thunderbirds zone.
16:16 of 3rd period - Slapshot by Brendan Perlini.
16:16 of 3rd period - Deflect By Jacob MacDonald.
16:16 of 3rd period - Stopped by Mitch Gillam with a rebound.
17:36 of 3rd period - T.J. Hensick is hit by Joey LaLeggia.
17:37 of 3rd period - Icing by T.J. Hensick.
17:38 of 3rd period - Zac Dalpe wins face-off versus Peter Cehlarik in Philadelphia Phantoms zone.
17:45 of 3rd period - Penalty to Rob O'Gara is over, Rob O'Gara is back on ice.
18:06 of 3rd period - Dryden Hunt is hit by Brett Sutter and loses puck.
18:18 of 3rd period - Snap shot by Dennis Cholowski.
18:18 of 3rd period - Stopped by Mitch Gillam without a rebound.
18:19 of 3rd period - Tanner Kero wins face-off versus Jesperi Kotkaniemi in Seattle Thunderbirds zone.
19:07 of 3rd period - Seattle Thunderbirds, Mitch Gillam is pulled from the net.
19:09 of 3rd period - Wrist shot by Josh Leivo.
19:09 of 3rd period - Shot Misses the Net.
19:11 of 3rd period - Slapshot by Josh Leivo.
19:11 of 3rd period - Stopped by Ilya Samsonov with a rebound.
19:13 of 3rd period - Snap shot by Josh Leivo.
19:13 of 3rd period - Stopped by Ilya Samsonov with a rebound.
19:15 of 3rd period - Backhand shot by Jacob MacDonald.
19:15 of 3rd period - Stopped by Ilya Samsonov without a rebound.
19:16 of 3rd period - Dave Hakstol call a timeout for Seattle Thunderbirds.
19:16 of 3rd period - Jesperi Kotkaniemi wins face-off versus Zac Dalpe in Philadelphia Phantoms zone.
19:39 of 3rd period - Snap shot by Jesperi Kotkaniemi.
19:39 of 3rd period - Stopped by Ilya Samsonov without a rebound.
19:40 of 3rd period - Zac Dalpe wins face-off versus Jesperi Kotkaniemi in Philadelphia Phantoms zone.
19:49 of 3rd period - Snap shot by Joey Anderson.
19:49 of 3rd period - Goal by Joey Anderson - Philadelphia Phantoms : 3 - Seattle Thunderbirds : 1.
19:49 of 3rd period - Mitch Gillam from Seattle Thunderbirds was sent back in the game.
19:50 of 3rd period - Brett Sutter wins face-off versus German Rubtsov in neutral zone.
19:52 of 3rd period - Minor Penalty to Brett Sutter for Hooking.
19:53 of 3rd period - Jesperi Kotkaniemi wins face-off versus T.J. Hensick in Seattle Thunderbirds zone.
19:57 of 3rd period - Wrist shot by Josh Leivo.
19:57 of 3rd period - Shot Misses the Net.
19:59 of 3rd period - Slapshot by Jacob MacDonald.
19:59 of 3rd period - Stopped by Ilya Samsonov with a rebound.
Goals for this period are 2 for Philadelphia Phantoms vs 0 for Seattle Thunderbirds.
Shots for this period are 20 for Philadelphia Phantoms vs 10 for Seattle Thunderbirds.